 Dungeon Crawl Stone Soup version 0.21.1-1-g345015fe64 (webtiles) character file.

718 Gargoyl the Skirmisher (level 7, -12/60 HPs)
             Began as a Centaur Abyssal Knight on May 5, 2018.
             Was a Priest of Lugonu.
             Mangled by an ogre
             ... wielding a +0 giant spiked club
              (24 damage)
             ... on level 4 of the Dungeon.
             The game lasted 00:07:24 (3506 turns).

Gargoyl the Skirmisher (Centaur Abyssal Knight)     Turns: 3506, Time: 00:07:25

Health: -12/60     AC: 11    Str: 15    XL:     7   Next: 42%
Magic:  9/9        EV:  4    Int: 11    God:    Lugonu [***...]
Gold:   188        SH:  0    Dex: 10    Spells: 6/6 levels left

rFire    . . .     SeeInvis .   a - +3 hand axe
rCold    + + .     Gourm    .   (no shield)
rNeg     . . .     Faith    .   d - +2 chain mail {rC+}
rPois    .         Spirit   .   i - +0 helmet
rElec    .         Reflect  .   (no cloak)
rCorr    .         Harm     .   (no gloves)
MR       .....                  (no barding)
Stlth    ..........             (no amulet)
HPRegen  0.20/turn              n - ring of protection from cold
MPRegen  0.11/turn              (no ring)

@: very quick
A: large, hooves 3, deformed body, speed 2, tough skin 3
a: Depart the Abyss, Bend Space, Banish, Renounce Religion


You were on level 4 of the Dungeon.
You worshipped Lugonu.
Lugonu was most pleased with you.
You were not hungry.

You visited 1 branch of the dungeon, and saw 4 of its levels.
You visited the Abyss 1 time.
You also visited: Sewer.

You collected 188 gold pieces.

Inventory:

Hand Weapons
 a - a +3 hand axe (weapon)
Missiles
 e - 7 tomahawks (quivered)
Armour
 d - a +2 chain mail of cold resistance (worn)
 i - a +0 helmet (worn)
Jewellery
 n - a ring of protection from cold (left hand)
Wands
 j - a wand of iceblast (13)
 p - a wand of random effects (25)
Scrolls
 k - a scroll of fear
 l - 2 scrolls of identify
 m - a scroll of remove curse
 q - 2 scrolls of magic mapping
Potions
 b - a potion of cancellation {unknown}
 f - 2 potions of curing
 g - a potion of mutation {unknown}
 h - 3 potions of haste {unknown}
 o - a potion of might {unknown}
 r - a potion of flight {unknown}
 s - a potion of berserk rage
Comestibles
 c - 7 rations


   Skills:
 + Level 4.6 Fighting
 + Level 4.3 Axes
 + Level 0.3 Throwing
 * Level 3.9 Armour
 + Level 1.2 Dodging
 * Level 3.6 Invocations


You had 6 spell levels left.
You didn't know any spells.

Dungeon Overview and Level Annotations

Branches:
Dungeon (4/15)
 Temple: D:4-7

Altars:


Innate Abilities, Weirdness & Mutations

You have hooves in place of feet.
Armour fits poorly on your strangely shaped body.
You cover ground very quickly.
You have extremely tough skin. (AC +3)


Message History

The ogre hits you with a giant spiked club.
You see here a scorpion corpse.
You slash the ogre!
The ogre is moderately wounded.
You closely miss the ogre. You kick the ogre.
The ogre is heavily wounded.
The ogre hits you with a giant spiked club!!
You hit the ogre.
The ogre is heavily wounded.
The ogre barely misses you.
You hit the ogre.
The ogre is severely wounded.
The ogre hits you with a giant spiked club!!
* * * LOW HITPOINT WARNING * * *
You hit the ogre.
The ogre is severely wounded.
You barely miss the ogre.
The ogre is severely wounded.
The ogre hits you with a giant spiked club!!
You die...

........... .......... #
. .........# .# ...
.........###.#. ....##
............... ......
.......>....... ......
#.............# ......
.......O......#.........
.......@......#........#
.(#####.#....##........#
. #.#....##........#
#####.#....##........#
#..........##........#
#.......#####........#
#..........#####.....#
..<...................#
.......................#


You could see an ogre.

Vanquished Creatures
  Purgy (Sewer)
  2 scorpions (D:4)
  4 killer bees (D:4)
  A hound (D:4)
  Ijyb (D:3)
  2 worker ants (D:4)
  Robin (D:3)
  7 adders
  A shadow imp (D:3)
  4 oozes
  4 worms
  A dart slug (D:1)
  2 leopard geckos
  5 orcs
  9 bats
  2 giant cockroaches
  11 goblins
  13 hobgoblins
  10 jackals
  11 kobolds
  3 quokkas
  3 ball pythons
  5 frilled lizards
  4 rats
107 creatures vanquished.

Vanquished Creatures (others)
  A killer bee (D:4)
1 creature vanquished.

Grand Total: 108 creatures vanquished

Notes
Turn   | Place    | Note
-------+----------+-------------------------------------------
     0 | Abyss:1  | Gargoyl the Centaur Abyssal Knight began the quest for the Orb.
     0 | Abyss:1  | Reached XP level 1. HP: 19/19 MP: 2/2
    37 | Abyss:2  | Noticed a small abomination
    46 | Abyss:3  | Found a corrupted altar of Lugonu.
    61 | Abyss:3  | Noticed a guardian serpent
    65 | D:1      | Escaped the Abyss
   292 | D:1      | Reached XP level 2. HP: 26/26 MP: 3/3
   360 | D:1      | Reached * piety under Lugonu
   550 | D:1      | Reached XP level 3. HP: 31/31 MP: 4/4
   958 | D:2      | Reached XP level 4. HP: 36/40 MP: 5/5
  1340 | D:3      | Noticed Ijyb
  1360 | D:3      | Killed Ijyb
  1387 | D:3      | Reached ** piety under Lugonu
  1401 | D:3      | Noticed Robin
  1414 | D:3      | Killed Robin
  1414 | D:3      | Reached XP level 5. HP: 37/46 MP: 6/6
  1819 | D:3      | Reached skill level 1 in Dodging
  2401 | D:4      | Found a glowing drain.
  2420 | Sewer    | Entered a sewer
  2433 | Sewer    | Reached *** piety under Lugonu
  2442 | Sewer    | Reached XP level 6. HP: 47/52 MP: 8/8
  2485 | Sewer    | Noticed Purgy
  2500 | Sewer    | Killed Purgy
  2916 | D:4      | Reached XP level 7. HP: 27/60 MP: 9/9
  3506 | D:4      | Mangled by an ogre

Skill      XL: |  1  2  3  4  5  6 |
---------------+-------------------+-----
Axes           | 2 3 4 |  4.3
Armour         | 2 3 |  3.9
Fighting       | 4 |  4.6
Dodging        | 1 |  1.2
Invocations    | 3 |  3.6
Throwing       | |  0.3

Action                   |  1- 3 |  4- 6 |  7- 9 || total
-------------------------+-------+-------+-------++-------
Melee: Hand axe          |    98 |   202 |    34 ||   334
       Kick              |    14 |    46 |     8 ||    68
Throw: Tomahawk          |       |     4 |       ||     4
Invok: Depart the Abyss  |     1 |       |       ||     1
       Banish            |       |       |     1 ||     1
  Use: Scroll            |     3 |     4 |     2 ||     9
       Potion            |       |     1 |       ||     1
  Eat: Chunk             |       |     5 |       ||     5
       Ration            |       |     1 |       ||     1
Armor: Chain mail        |    94 |   232 |    26 ||   352
Dodge: Dodged            |    23 |    53 |     9 ||    85
